1932 views
Uploaded 2023-03-11 03:43:42
Game version 1.35 (6115)
20:31 long 3on3 ladder game on (6)TimbermawHold
Saved by GIGA
1932 views
Uploaded 2023-03-11 03:43:42
Game version 1.35 (6115)
20:31 long 3on3 ladder game on (6)TimbermawHold


93 units @ 8.5k
/ 1.1k
119 buildings @ 8k
/ 4k


| Peasant | 14 | 1050 | / | 0 |
| Flying Machine | 20 | 2000 | / | 600 |
| Mortar Team | 1 | 180 | / | 70 |
| Dragonhawk Rider | 3 | 600 | / | 90 |
| total: | 38 | 3830g | / | 760w |
| Scout Tower | 30 | 900 | / | 600 |
| Arcane Tower | 4 | 280 | / | 200 |
| Guard Tower | 10 | 700 | / | 500 |
| Altar of Kings | 1 | 180 | / | 50 |
| Farm | 14 | 1120 | / | 280 |
| Lumber Mill | 1 | 120 | / | 0 |
| Barracks | 1 | 160 | / | 60 |
| Blacksmith | 2 | 280 | / | 120 |
| Arcane Vault | 1 | 130 | / | 30 |
| Cannon Tower | 1 | 120 | / | 100 |
| Workshop | 3 | 420 | / | 420 |
| Gryphon Aviary | 1 | 140 | / | 150 |
| Keep | 1 | 320 | / | 210 |
| Castle | 1 | 360 | / | 210 |
| total: | 54 | 3450g | / | 1710w |
| 0:02 | Peasant |
| 0:03 | Peasant |
| 0:08 | Altar of Kings |
| 0:12 | Farm |
| 0:14 | Farm |
| 0:18 | Peasant |
| 0:26 | Peasant |
| 0:47 | Lumber Mill |
| 0:56 | Scout Tower |
| 0:58 | Peasant |
| 0:58 | Peasant |
| 1:02 | Farm |
| 1:17 | Peasant |
| 1:18 | Peasant |
| 1:34 | Barracks |
| 1:49 | Arcane Tower |
| 1:50 | Peasant |
| 1:51 | Peasant |
| 1:54 | Improved Lumber Harvesting |
| 2:14 | Peasant |
| 2:14 | Peasant |
| 2:31 | Storm Bolt |
| 3:00 | Scout Tower |
| 3:01 | Scout Tower |
| 3:27 | Guard Tower |
| 3:29 | Scout Tower |
| 3:30 | Scout Tower |
| 3:37 | Keep |
| 3:41 | Scout Tower |
| 3:42 | Scout Tower |
| 3:43 | Scout Tower |
| 3:46 | Improved Masonry |
| 4:06 | Guard Tower |
| 4:15 | Scout Tower |
| 4:17 | Scout Tower |
| 4:23 | Bash |
| 4:34 | Blacksmith |
| 4:54 | Arcane Tower |
| 4:55 | Arcane Tower |
| 4:57 | Scout Tower |
| 5:03 | Scout Tower |
| 5:07 | Guard Tower |
| 5:11 | Scout Tower |
| 5:11 | Scout Tower |
| 5:23 | Guard Tower |
| 5:43 | Guard Tower |
| 5:46 | Guard Tower |
| 5:57 | Castle |
| 6:03 | Workshop |
| 6:08 | Workshop |
| 6:18 | Scout Tower |
| 6:19 | Scout Tower |
| 6:21 | Advanced Masonry |
| 6:22 | Advanced Lumber Harvesting |
| 6:24 | Workshop |
| 6:29 | Bash |
| 6:49 | Guard Tower |
| 6:52 | Black Gunpowder |
| 6:58 | Blacksmith |
| 7:04 | Scout Tower |
| 7:05 | Scout Tower |
| 7:21 | Flak Cannons |
| 7:21 | Flying Machine |
| 7:47 | Critical Strike |
| 7:51 | Holy Light |
| 8:06 | Flying Machine |
| 8:13 | Refined Gunpowder |
| 8:22 | Farm |
| 8:22 | Farm |
| 8:23 | Farm |
| 8:24 | Farm |
| 8:24 | Farm |
| 8:27 | Guard Tower |
| 8:28 | Iron Plating |
| 8:32 | Imbued Masonry |
| 8:44 | Scout Tower |
| 8:45 | Scout Tower |
| 8:45 | Scout Tower |
| 8:46 | Scout Tower |
| 8:47 | Scout Tower |
| 8:47 | Scout Tower |
| 8:48 | Scout Tower |
| 8:49 | Scout Tower |
| 9:07 | Mortar Team |
| 9:17 | Scout Tower |
| 9:18 | Scout Tower |
| 9:20 | Scout Tower |
| 9:21 | Scout Tower |
| 9:29 | Imbued Gunpowder |
| 9:46 | Flying Machine Bombs |
| 9:55 | Farm |
| 10:01 | Gryphon Aviary |
| 10:04 | Arcane Vault |
| 10:19 | Arcane Tower |
| 10:21 | Guard Tower |
| 10:25 | Fragmentation Shards |
| 10:26 | Flare |
| 10:27 | Flying Machine |
| 10:27 | Flying Machine |
| 10:27 | Flying Machine |
| 10:32 | Steel Plating |
| 10:35 | Guard Tower |
| 10:37 | Peasant |
| 10:38 | Peasant |
| 11:01 | Flying Machine |
| 11:01 | Flying Machine |
| 11:01 | Flying Machine |
| 11:04 | Flying Machine |
| 11:04 | Flying Machine |
| 11:37 | Flying Machine |
| 11:57 | Flying Machine |
| 12:34 | Flying Machine |
| 12:49 | Cloud |
| 12:52 | Flying Machine |
| 12:52 | Flying Machine |
| 12:52 | Flying Machine |
| 12:52 | Flying Machine |
| 13:03 | Mithril Plating |
| 13:05 | Cannon Tower |
| 13:48 | Flying Machine |
| 13:48 | Flying Machine |
| 13:48 | Flying Machine |
| 13:58 | Farm |
| 14:01 | Farm |
| 14:30 | Holy Light |
| 16:08 | Dragonhawk Rider |
| 16:08 | Dragonhawk Rider |
| 16:09 | Dragonhawk Rider |
| 16:10 | Farm |
| 19:13 | Farm |
| 19:16 | Farm |
| 19:18 | Studded Leather Armor |
| 19:20 | Iron Forged Swords |
| Right click | 1357 |
| Select group | 800 |
| Select | 319 |
| Build/train/purchase | 90 |
| Assign group | 12 |
| Use ability | 8 |
| Esc | 5 |
| Minimap ping | 3 |
DudeWhy
(236)
(20:25) : 


| Peasant | 28 | 2100 | / | 0 |
| Mortar Team | 5 | 900 | / | 350 |
| total: | 33 | 3000g | / | 350w |
| Scout Tower | 44 | 1320 | / | 880 |
| Arcane Tower | 1 | 70 | / | 50 |
| Guard Tower | 23 | 1610 | / | 1150 |
| Altar of Kings | 1 | 180 | / | 50 |
| Farm | 7 | 560 | / | 140 |
| Lumber Mill | 1 | 120 | / | 0 |
| Town Hall | 2 | 770 | / | 410 |
| Blacksmith | 1 | 140 | / | 60 |
| Workshop | 1 | 140 | / | 140 |
| Keep | 1 | 320 | / | 210 |
| Castle | 1 | 360 | / | 210 |
| total: | 57 | 3230g | / | 1680w |
| 0:02 | Peasant |
| 0:10 | Peasant |
| 0:19 | Altar of Kings |
| 0:21 | Farm |
| 0:22 | Peasant |
| 0:35 | Peasant |
| 0:48 | Lumber Mill |
| 0:52 | Farm |
| 0:53 | Scout Tower |
| 0:56 | Scout Tower |
| 0:58 | Peasant |
| 1:31 | Peasant |
| 1:40 | Peasant |
| 1:49 | Arcane Tower |
| 1:52 | Improved Lumber Harvesting |
| 1:53 | Peasant |
| 2:08 | Scout Tower |
| 2:09 | Scout Tower |
| 2:13 | Peasant |
| 2:23 | Peasant |
| 2:38 | Storm Bolt |
| 2:49 | Peasant |
| 3:13 | Town Hall |
| 3:30 | Scout Tower |
| 3:32 | Peasant |
| 3:32 | Peasant |
| 3:32 | Peasant |
| 3:32 | Peasant |
| 3:48 | Peasant |
| 3:49 | Improved Masonry |
| 3:52 | Guard Tower |
| 3:54 | Scout Tower |
| 3:55 | Scout Tower |
| 4:01 | Guard Tower |
| 4:17 | Peasant |
| 4:29 | Peasant |
| 4:35 | Peasant |
| 4:45 | Guard Tower |
| 4:46 | Scout Tower |
| 4:49 | Peasant |
| 4:58 | Guard Tower |
| 4:59 | Scout Tower |
| 5:00 | Scout Tower |
| 5:01 | Scout Tower |
| 5:05 | Keep |
| 5:34 | Guard Tower |
| 5:44 | Guard Tower |
| 5:51 | Scout Tower |
| 5:51 | Scout Tower |
| 5:52 | Scout Tower |
| 6:12 | Guard Tower |
| 6:14 | Scout Tower |
| 6:19 | Blacksmith |
| 6:33 | Guard Tower |
| 7:10 | Guard Tower |
| 7:25 | Guard Tower |
| 7:26 | Scout Tower |
| 7:27 | Scout Tower |
| 7:40 | Scout Tower |
| 7:41 | Scout Tower |
| 7:42 | Scout Tower |
| 7:49 | Black Gunpowder |
| 7:51 | Workshop |
| 7:52 | Castle |
| 7:55 | Guard Tower |
| 8:24 | Guard Tower |
| 8:26 | Scout Tower |
| 8:28 | Guard Tower |
| 8:29 | Scout Tower |
| 8:30 | Scout Tower |
| 8:36 | Advanced Lumber Harvesting |
| 8:37 | Advanced Masonry |
| 8:40 | Holy Light |
| 8:50 | Guard Tower |
| 8:59 | Mortar Team |
| 9:03 | Guard Tower |
| 9:09 | Guard Tower |
| 10:02 | Storm Bolt |
| 10:21 | Guard Tower |
| 10:23 | Fragmentation Shards |
| 10:24 | Mortar Team |
| 10:37 | Mortar Team |
| 10:42 | Guard Tower |
| 10:44 | Scout Tower |
| 10:45 | Scout Tower |
| 10:47 | Scout Tower |
| 10:48 | Scout Tower |
| 11:39 | Scout Tower |
| 11:45 | Farm |
| 11:46 | Farm |
| 11:46 | Farm |
| 11:49 | Refined Gunpowder |
| 12:43 | Scout Tower |
| 12:43 | Scout Tower |
| 13:28 | Divine Shield |
| 13:29 | Divine Shield |
| 14:35 | Mortar Team |
| 14:36 | Flare |
| 14:38 | Mortar Team |
| 14:56 | Imbued Masonry |
| 15:28 | Town Hall |
| 16:09 | Scout Tower |
| 16:10 | Scout Tower |
| 16:11 | Scout Tower |
| 16:12 | Scout Tower |
| 16:31 | Storm Bolt |
| 16:33 | Bash |
| 16:35 | Holy Light |
| 16:39 | Scout Tower |
| 16:41 | Scout Tower |
| 16:47 | Farm |
| 16:48 | Farm |
| 16:53 | Guard Tower |
| 16:56 | Scout Tower |
| 16:56 | Scout Tower |
| 16:57 | Scout Tower |
| 17:11 | Guard Tower |
| 17:25 | Peasant |
| 17:25 | Peasant |
| 17:25 | Peasant |
| 17:30 | Guard Tower |
| 17:32 | Scout Tower |
| 17:33 | Scout Tower |
| 17:34 | Scout Tower |
| 17:34 | Scout Tower |
| 17:41 | Guard Tower |
| 18:02 | Scout Tower |
| 18:06 | Imbued Gunpowder |
| 18:51 | Peasant |
| 18:51 | Peasant |
| 18:51 | Peasant |
| 18:52 | Peasant |
| 18:52 | Peasant |
| 19:00 | Guard Tower |
| 19:16 | Brilliance Aura |
| Right click | 636 |
| Select | 271 |
| Select group | 240 |
| Build/train/purchase | 83 |
| Misc. action | 66 |
| Resource trade | 46 |
| Use ability | 33 |
| Assign group | 11 |
| Remove unit | 4 |
| Minimap ping | 1 |

| Lesser Clarity Potion | 4 | 280 |
| Healing Salve | 1 | 100 |
| Orb of Lightning | 1 | 375 |
| Tiny Great Hall | 3 | 1800 |
| Boots of Speed | 2 | 500 |
| Staff of Teleportation | 1 | 150 |
| total: | 12 | 3205g |
| Peon | 22 | 1650 | / | 0 |
| total: | 22 | 1650g | / | 0w |
| Altar of Storms | 1 | 180 | / | 50 |
| Orc Burrow | 2 | 320 | / | 80 |
| Voodoo Lounge | 1 | 130 | / | 30 |
| War Mill | 1 | 205 | / | 0 |
| Spirit Lodge | 2 | 300 | / | 300 |
| Beastiary | 1 | 145 | / | 140 |
| Stronghold | 1 | 315 | / | 190 |
| Fortress | 1 | 325 | / | 190 |
| total: | 8 | 1280g | / | 600w |
| 0:04 | Altar of Storms |
| 0:07 | Orc Burrow |
| 0:19 | Peon |
| 0:53 | Peon |
| 1:26 | Peon |
| 1:26 | Peon |
| 1:33 | Voodoo Lounge |
| 1:38 | Peon |
| 2:06 | Peon |
| 2:08 | Peon |
| 2:38 | Peon |
| 2:38 | Peon |
| 2:41 | War Mill |
| 2:45 | Wind Walk |
| 3:40 | Peon |
| 3:40 | Peon |
| 3:41 | Peon |
| 3:58 | Orc Burrow |
| 8:01 | Boots of Speed |
| 8:08 | Boots of Speed |
| 8:08 | Staff of Teleportation |
| 8:22 | Stronghold |
| 10:19 | Lesser Clarity Potion |
| 12:21 | Fortress |
| 13:56 | Healing Salve |
| 14:00 | Lesser Clarity Potion |
| 14:02 | Critical Strike |
| 14:52 | Orb of Lightning |
| 15:20 | Tiny Great Hall |
| 16:29 | Peon |
| 16:29 | Peon |
| 16:29 | Peon |
| 16:29 | Peon |
| 16:30 | Peon |
| 17:10 | Lesser Clarity Potion |
| 17:26 | Tiny Great Hall |
| 17:34 | Spirit Lodge |
| 17:35 | Beastiary |
| 17:39 | Spirit Lodge |
| 18:13 | Peon |
| 18:13 | Peon |
| 18:13 | Peon |
| 18:14 | Peon |
| 18:14 | Peon |
| 19:38 | Tiny Great Hall |
| 19:41 | Lesser Clarity Potion |
| Right click | 503 |
| Select | 80 |
| Resource trade | 69 |
| Select group | 65 |
| Build/train/purchase | 60 |
| Misc. action | 41 |
| Assign group | 9 |
| Use ability | 8 |
| Item give/drop | 7 |
99 units @ 12.2k
/ 1.4k
99 buildings @ 10k
/ 4.6k


| Peasant | 8 | 600 | / | 0 |
| Rifleman | 10 | 2050 | / | 300 |
| Mortar Team | 6 | 1080 | / | 420 |
| total: | 24 | 3730g | / | 720w |
| Altar of Kings | 1 | 180 | / | 50 |
| Farm | 9 | 720 | / | 180 |
| Barracks | 2 | 320 | / | 120 |
| Blacksmith | 1 | 140 | / | 60 |
| Lumber Mill | 1 | 120 | / | 0 |
| Arcane Vault | 1 | 130 | / | 30 |
| Workshop | 1 | 140 | / | 140 |
| Keep | 1 | 320 | / | 210 |
| Castle | 1 | 360 | / | 210 |
| total: | 16 | 1750g | / | 580w |
| 0:18 | Altar of Kings |
| 0:21 | Farm |
| 0:22 | Peasant |
| 0:22 | Peasant |
| 0:44 | Peasant |
| 1:04 | Peasant |
| 1:17 | Peasant |
| 1:23 | Peasant |
| 1:26 | Barracks |
| 1:28 | Peasant |
| 1:35 | Barracks |
| 1:39 | Blacksmith |
| 1:53 | Farm |
| 1:59 | Peasant |
| 2:48 | Lumber Mill |
| 3:00 | Rifleman |
| 3:01 | Black Gunpowder |
| 3:07 | Farm |
| 3:13 | Summon Water Elemental |
| 3:33 | Rifleman |
| 3:35 | Keep |
| 3:56 | Farm |
| 3:59 | Rifleman |
| 4:44 | Brilliance Aura |
| 4:49 | Farm |
| 4:49 | Rifleman |
| 5:26 | Rifleman |
| 5:30 | Farm |
| 5:46 | Studded Leather Armor |
| 6:07 | Workshop |
| 6:17 | Arcane Vault |
| 6:18 | Long Rifles |
| 7:00 | Summon Water Elemental |
| 7:11 | Flame Strike |
| 7:16 | Mortar Team |
| 7:20 | Castle |
| 8:06 | Mortar Team |
| 8:06 | Mortar Team |
| 8:09 | Rifleman |
| 8:27 | Banish |
| 9:02 | Farm |
| 9:44 | Fragmentation Shards |
| 10:25 | Farm |
| 10:27 | Rifleman |
| 10:31 | Refined Gunpowder |
| 11:44 | Rifleman |
| 11:45 | Mortar Team |
| 11:52 | Farm |
| 12:30 | Mortar Team |
| 12:30 | Mortar Team |
| 12:31 | Rifleman |
| 12:31 | Rifleman |
| Right click | 351 |
| Select | 272 |
| Build/train/purchase | 45 |
| Resource trade | 36 |
| Misc. action | 35 |
| Select group | 7 |
| Assign group | 4 |
| Use ability | 4 |


| Potion of Healing | 2 | 300 |
| Lesser Clarity Potion | 2 | 140 |
| Potion of Mana | 1 | 200 |
| Orb of Fire | 1 | 325 |
| Staff of Sanctuary | 2 | 500 |
| Ivory Tower | 10 | 400 |
| Scroll of Healing | 1 | 250 |
| Dust of Appearance | 2 | 150 |
| Scroll of Town Portal | 2 | 700 |
| Potion of Lesser Invulnerability | 1 | 150 |
| Boots of Speed | 1 | 250 |
| total: | 25 | 3365g |
| Peasant | 18 | 1350 | / | 0 |
| Rifleman | 14 | 2870 | / | 420 |
| total: | 32 | 4220g | / | 420w |
| Scout Tower | 37 | 1110 | / | 740 |
| Arcane Tower | 2 | 140 | / | 100 |
| Guard Tower | 17 | 1190 | / | 850 |
| Blacksmith | 1 | 140 | / | 60 |
| Barracks | 2 | 320 | / | 120 |
| Altar of Kings | 1 | 180 | / | 50 |
| Farm | 12 | 960 | / | 240 |
| Lumber Mill | 2 | 240 | / | 0 |
| Arcane Vault | 2 | 260 | / | 60 |
| Town Hall | 2 | 770 | / | 410 |
| Gryphon Aviary | 2 | 280 | / | 300 |
| Arcane Sanctum | 2 | 300 | / | 280 |
| Workshop | 2 | 280 | / | 280 |
| Keep | 1 | 320 | / | 210 |
| Castle | 9 | 3240 | / | 1890 |
| total: | 65 | 4840g | / | 2540w |
| 0:03 | Peasant |
| 0:03 | Peasant |
| 0:03 | Peasant |
| 0:16 | Peasant |
| 0:30 | Blacksmith |
| 0:44 | Peasant |
| 0:50 | Barracks |
| 0:57 | Altar of Kings |
| 1:05 | Farm |
| 1:14 | Peasant |
| 1:21 | Farm |
| 1:32 | Peasant |
| 1:49 | Peasant |
| 1:53 | Farm |
| 1:54 | Farm |
| 2:07 | Rifleman |
| 2:07 | Rifleman |
| 2:15 | Scout Tower |
| 2:35 | Rifleman |
| 2:35 | Rifleman |
| 2:43 | Arcane Tower |
| 2:56 | Peasant |
| 2:59 | Storm Bolt |
| 2:59 | Storm Bolt |
| 3:07 | Rifleman |
| 3:07 | Rifleman |
| 3:41 | Keep |
| 3:54 | Farm |
| 4:11 | Bash |
| 4:20 | Farm |
| 4:27 | Lumber Mill |
| 4:36 | Rifleman |
| 4:54 | Rifleman |
| 4:56 | Arcane Vault |
| 5:16 | Farm |
| 5:23 | Rifleman |
| 5:35 | Black Gunpowder |
| 5:44 | Rifleman |
| 5:59 | Storm Bolt |
| 6:27 | Long Rifles |
| 6:37 | Studded Leather Armor |
| 6:53 | Farm |
| 7:00 | Frost Arrows |
| 7:10 | Farm |
| 7:30 | Rifleman |
| 8:24 | Town Hall |
| 8:26 | Town Hall |
| 8:27 | Scout Tower |
| 8:28 | Scout Tower |
| 8:29 | Scout Tower |
| 8:30 | Scout Tower |
| 8:33 | Arcane Vault |
| 8:57 | Peasant |
| 8:57 | Peasant |
| 9:01 | Guard Tower |
| 9:04 | Scout Tower |
| 9:15 | Rifleman |
| 9:18 | Barracks |
| 9:51 | Arcane Tower |
| 10:19 | Potion of Lesser Invulnerability |
| 10:19 | Boots of Speed |
| 10:20 | Scroll of Healing |
| 10:20 | Dust of Appearance |
| 10:25 | Farm |
| 10:29 | Peasant |
| 10:29 | Peasant |
| 10:29 | Peasant |
| 10:31 | Peasant |
| 10:36 | Scout Tower |
| 10:38 | Scout Tower |
| 10:41 | Scout Tower |
| 10:45 | Improved Lumber Harvesting |
| 10:46 | Improved Masonry |
| 10:48 | Scout Tower |
| 10:57 | Scout Tower |
| 11:36 | Guard Tower |
| 12:26 | Rifleman |
| 12:34 | Forked Lightning |
| 12:38 | Guard Tower |
| 12:42 | Rifleman |
| 12:44 | Advanced Lumber Harvesting |
| 13:06 | Gryphon Aviary |
| 13:08 | Gryphon Aviary |
| 13:13 | Peasant |
| 13:13 | Peasant |
| 13:13 | Peasant |
| 13:37 | Arcane Sanctum |
| 13:39 | Workshop |
| 13:40 | Workshop |
| 13:47 | Arcane Sanctum |
| 13:54 | Castle |
| 14:04 | Potion of Healing |
| 14:04 | Lesser Clarity Potion |
| 14:08 | Potion of Mana |
| 14:09 | Lesser Clarity Potion |
| 14:35 | Farm |
| 14:39 | Magic Sentry |
| 14:41 | Priest Adept Training |
| 14:50 | Lumber Mill |
| 15:05 | Farm |
| 15:11 | Scout Tower |
| 15:17 | Advanced Masonry |
| 15:18 | Imbued Masonry |
| 15:20 | Iron Plating |
| 15:20 | Steel Plating |
| 15:29 | Scout Tower |
| 15:29 | Scout Tower |
| 15:33 | Scout Tower |
| 15:34 | Scout Tower |
| 15:35 | Scout Tower |
| 16:02 | Guard Tower |
| 16:03 | Guard Tower |
| 16:07 | Potion of Healing |
| 16:10 | Scroll of Town Portal |
| 16:11 | Scroll of Town Portal |
| 16:19 | Animal War Training |
| 16:39 | Orb of Fire |
| 16:43 | Staff of Sanctuary |
| 16:49 | Staff of Sanctuary |
| 17:02 | Priest Master Training |
| 17:37 | Ivory Tower |
| 17:38 | Ivory Tower |
| 17:38 | Ivory Tower |
| 17:52 | Guard Tower |
| 18:12 | Ivory Tower |
| 18:12 | Ivory Tower |
| 18:15 | Ivory Tower |
| 18:15 | Ivory Tower |
| 18:39 | Guard Tower |
| 18:46 | Dust of Appearance |
| 19:02 | Scout Tower |
| 19:07 | Scout Tower |
| 19:07 | Scout Tower |
| 19:16 | Scout Tower |
| 19:17 | Scout Tower |
| 19:20 | Scout Tower |
| 19:21 | Scout Tower |
| 19:29 | Ivory Tower |
| 19:29 | Ivory Tower |
| 19:29 | Ivory Tower |
| 19:35 | Guard Tower |
| 19:43 | Scout Tower |
| 19:52 | Guard Tower |
| 19:55 | Scout Tower |
| 19:56 | Scout Tower |
| 19:57 | Scout Tower |
| 19:59 | Scout Tower |
| 20:00 | Scout Tower |
| 20:01 | Scout Tower |
| 20:03 | Scout Tower |
| 20:05 | Scout Tower |
| 20:06 | Scout Tower |
| 20:16 | Scout Tower |
| 20:17 | Scout Tower |
| 20:20 | Scout Tower |
| Select group | 983 |
| Right click | 825 |
| Select | 411 |
| Build/train/purchase | 151 |
| Assign group | 72 |
| Misc. action | 67 |
| Use ability | 43 |
| Item give/drop | 15 |
| Esc | 9 |
| Chat | 8 |
| Minimap ping | 1 |


| Staff of Preservation | 1 | 150 |
| Scroll of Town Portal | 1 | 350 |
| total: | 2 | 500g |
| Wisp | 21 | 1260 | / | 0 |
| Archer | 16 | 2080 | / | 160 |
| Hippogryph | 6 | 960 | / | 120 |
| total: | 43 | 4300g | / | 280w |
| Altar of Elders | 1 | 180 | / | 50 |
| Moon Well | 5 | 900 | / | 200 |
| Ancient of War | 4 | 600 | / | 240 |
| Ancient of Wonders | 2 | 180 | / | 60 |
| Hunter's Hall | 1 | 210 | / | 100 |
| Tree of Life | 3 | 1020 | / | 555 |
| Ancient of Wind | 2 | 300 | / | 280 |
| Tree of Ages | 1 | 320 | / | 180 |
| Tree of Eternity | 1 | 330 | / | 200 |
| total: | 18 | 3390g | / | 1485w |
| 0:01 | Wisp |
| 0:02 | Wisp |
| 0:14 | Altar of Elders |
| 0:15 | Moon Well |
| 0:26 | Wisp |
| 0:45 | Ancient of War |
| 0:47 | Ancient of War |
| 0:47 | Wisp |
| 0:47 | Wisp |
| 0:47 | Wisp |
| 0:51 | Wisp |
| 1:30 | Wisp |
| 1:31 | Wisp |
| 1:32 | Wisp |
| 1:46 | Moon Well |
| 1:49 | Archer |
| 2:03 | Ancient of Wonders |
| 2:07 | Ancient of Wonders |
| 2:09 | Archer |
| 2:11 | Wisp |
| 2:20 | Force of Nature |
| 2:40 | Wisp |
| 2:41 | Wisp |
| 2:41 | Archer |
| 3:11 | Archer |
| 3:33 | Tree of Ages |
| 3:34 | Archer |
| 3:46 | Entangling Roots |
| 3:51 | Hunter's Hall |
| 4:40 | Moon Well |
| 5:05 | Moon Well |
| 6:05 | Ancient of Wind |
| 6:06 | Ancient of Wind |
| 6:08 | Tree of Eternity |
| 6:10 | Force of Nature |
| 6:19 | Improved Bows |
| 6:37 | Strength of the Moon |
| 7:15 | Staff of Preservation |
| 7:18 | Hippogryph |
| 7:32 | Trueshot Aura |
| 7:55 | Scout |
| 8:05 | Hippogryph |
| 8:08 | Improved Strength of the Moon |
| 8:11 | Moon Well |
| 8:56 | Hippogryph |
| 8:57 | Marksmanship |
| 9:17 | Archer |
| 9:32 | Archer |
| 10:16 | Archer |
| 10:17 | Hippogryph |
| 10:19 | Advanced Strength of the Moon |
| 11:18 | Hippogryph |
| 11:18 | Archer |
| 11:35 | Moon Armor |
| 11:45 | Archer |
| 12:30 | Archer |
| 13:31 | Entangling Roots |
| 13:47 | Tree of Life |
| 14:08 | Ultravision |
| 14:46 | Hippogryph |
| 14:48 | Improved Moon Armor |
| 15:49 | Ancient of War |
| 15:55 | Ancient of War |
| 16:00 | Wisp |
| 16:00 | Wisp |
| 16:14 | Scroll of Town Portal |
| 16:20 | Wisp |
| 16:20 | Wisp |
| 16:20 | Wisp |
| 16:21 | Wisp |
| 16:21 | Wisp |
| 16:31 | Advanced Moon Armor |
| 16:35 | Well Spring |
| 16:36 | Nature's Blessing |
| 16:42 | Archer |
| 17:06 | Archer |
| 17:29 | Archer |
| 17:51 | Archer |
| 18:18 | Druid of the Talon Adept Training |
| 18:20 | Archer |
| 18:25 | Trueshot Aura |
| 19:16 | Wisp |
| 19:55 | Tree of Life |
| 19:59 | Tree of Life |
| Select group | 1154 |
| Right click | 746 |
| Select | 337 |
| Misc. action | 219 |
| Build/train/purchase | 98 |
| Use ability | 31 |
| Assign group | 20 |
| Minimap ping | 10 |
| Item give/drop | 3 |
| Esc | 1 |
⇛